 Dungeon Crawl Stone Soup version 0.21.1-1-g345015f (webtiles) character file.

71 kae the Firebug (level 4, 0/25 HPs)
             Began as a Tengu Fire Elementalist on June 1, 2018.
             Succumbed to an adder's poison
             ... on level 2 of the Dungeon.
             The game lasted 00:01:06 (1896 turns).

kae the Firebug (Tengu Fire Elementalist)           Turns: 1896, Time: 00:01:07

Health: 0/25       AC:  2    Str:  9    XL:     4   Next: 24%
Magic:  0/8        EV: 18    Int: 16    God:
Gold:   10         SH:  0    Dex: 19    Spells: 7/8 levels left

rFire    . . .     SeeInvis .   g - +0 spear (curse)
rCold    . . .     Gourm    .   (no shield)
rNeg     . . .     Faith    .   a - +0 robe
rPois    .         Spirit   .   (helmet restricted)
rElec    .         Reflect  .   (no cloak)
rCorr    .         Harm     .   (no gloves)
MR       .....                  (boots unavailable)
Stlth    +++.......             (no amulet)
HPRegen  0.08/turn              (no ring)
MPRegen  0.11/turn              (no ring)

@: agile, lethally poisoned (0 -> -5), very slightly contaminated
A: beak, talons 3
a: no special abilities


You were on level 2 of the Dungeon.
You were hungry.

You visited 1 branch of the dungeon, and saw 2 of its levels.

You collected 10 gold pieces.

Inventory:

Hand Weapons
 g - a cursed +0 spear (weapon)
Armour
 a - a +0 robe (worn)
Jewellery
 h - a +2 ring of intelligence {unknown}
Scrolls
 d - a scroll of remove curse {unknown}
 e - a scroll of teleportation {unknown}
 j - a scroll of identify {unknown}
Books
 b - a book of Flames

   Spells                             Type                      Level
   a - Flame Tongue                   Conjuration/Fire             1
   b - Throw Flame                    Conjuration/Fire             2
   c - Conjure Flame                  Conjuration/Fire             3
   d - Inner Flame                    Hexes/Fire                   3
   e - Sticky Flame                   Conjuration/Fire             4
   f - Fireball                       Conjuration/Fire             5
Comestibles
 c - 4 rations


   Skills:
 + Level 1.5 Fighting
 - Level 2.1 Dodging
 - Level 2.0 Stealth
 + Level 2.6 Spellcasting
 + Level 2.9 Conjurations
 + Level 3.9 Fire Magic


You had 7 spell levels left.
You knew the following spells:

 Your Spells              Type           Power        Failure   Level  Hunger
a - Flame Tongue          Conj/Fire      ##...        4%          1    #......


Dungeon Overview and Level Annotations

Branches:
Dungeon (2/15)

Altars:
Fedhas


Innate Abilities, Weirdness & Mutations

You have a beak for a mouth.
You have claws for feet.


Message History

Casting: Flame Tongue
Confirm with . or Enter, or press ? or * to list all spells.
Aiming: Flame Tongue
Press: ? - help, Shift-Dir - straight line, f - adder
Aim: an adder (almost dead)
The flame tongue misses the adder.
The adder bites you.
* * * LOW HITPOINT WARNING * * *
The adder barely misses you.
Casting: Flame Tongue
Confirm with . or Enter, or press ? or * to list all spells.
You don't have enough magic to cast that spell.
Casting: Flame Tongue
Confirm with . or Enter, or press ? or * to list all spells.
You don't have enough magic to cast that spell.
Casting: Flame Tongue
Confirm with . or Enter, or press ? or * to list all spells.
You don't have enough magic to cast that spell.
You hit the adder but do no damage.
The adder is almost dead.
You die...

# .. .. .##### #.#
.... ..#
###.####.#
##.....##.#
#.......#.####
#.@.....#....#
'.....S.._......#
#....#.......#$.#
#... #.......#..#
#.. ##.....##.##
#. ###.####.# .
........#
...##.#..#########
.. # #..##.......


You could see an adder.

Vanquished Creatures
  4 adders (D:2)
  An ooze (D:1)
  A dart slug (D:1)
  A leopard gecko (D:2)
  A giant cockroach (D:1)
  3 goblins (D:1)
  A hobgoblin (D:1)
  7 kobolds
  4 bats
  2 frilled lizards (D:1)
  7 rats
32 creatures vanquished.

Notes
Turn   | Place    | Note
-------+----------+-------------------------------------------
     0 | D:1      | kae the Tengu Fire Elementalist began the quest for the Orb.
     0 | D:1      | Reached XP level 1. HP: 10/10 MP: 4/4
   325 | D:1      | Reached XP level 2. HP: 15/16 MP: 6/6
   813 | D:1      | Reached skill level 1 in Fighting
   873 | D:1      | Reached XP level 3. HP: 20/20 MP: 3/7
  1842 | D:2      | Found a blossoming altar of Fedhas.
  1850 | D:2      | Reached XP level 4. HP: 25/25 MP: 3/8
  1895 | D:2      | HP: 1/25 [adder (1)]
  1896 | D:2      | Succumbed to an adder's poison

Skill      XL: |  1  2 |
---------------+-------+-----
Conjurations   | 2 |  2.9
Fighting       | 1 |  1.5
Dodging        | |  2.1
Stealth        | |  2.0
Spellcasting   | |  2.6
Fire Magic     | |  3.9

Action                   |  1- 3 |  4- 6 || total
-------------------------+-------+-------++-------
Melee: Unarmed           |    18 |       ||    18
       Kick              |     4 |     2 ||     6
       Peck              |     3 |       ||     3
       Spear             |    27 |    12 ||    39
 Cast: Flame Tongue      |    47 |     8 ||    55
  Use: Potion            |       |     2 ||     2
 Stab: Sleeping          |     2 |       ||     2
  Eat: Chunk             |     3 |       ||     3
Armor: Robe              |    17 |     2 ||    19
Dodge: Dodged            |    43 |    16 ||    59
